Map: Bel'Shir Vestige LE (Void)

Players

GAMETIME - Winner!

  • Race: Zerg Zerg
  • Spawn Location: 5:00

Caliber

  • Race: Protoss Protoss
  • Spawn Location: 11:00

Event: WCS Austin 2017

VOD

Have the link to the VOD?

Description

Time

  • Played on: April 28, 2017, 5:04 p.m.
  • Length: 8:20

All games in this series

Show
View Real Time Build Order
Export as new Build Order

GAMETIME Zerg - Winner!

Build Orders: Pool First 

Get SALT Encoding   

  12  0:00  Drone  
  13  0:08  Drone  
  14  0:17  Overlord  
  14  0:22  Extractor  
  14  0:23  Drone  
  16  0:35  Drone x2  
  16  0:37  Extractor  
  16  0:44  Drone  
  17  0:50  Spawning Pool  
  17  0:54  Drone  
  17  1:08  Drone  
  18  1:23  Drone  
  19  1:26  Hatchery  
  18  1:37  Metabolic Boost  
  18  1:42  Queen  
  18  1:45  Zergling x2  
  21  2:04  Hatchery  
  20  2:10  Drone x2  
  22  2:15  Overlord  
  22  2:35  Drone x2, Queen  
  26  2:38  Drone  
  27  2:45  Queen  
  27  2:50  Drone  
  30  2:53  Drone  
  30  2:55  Drone  
  32  2:59  Drone  
  32  3:02  Drone x2  
  35  3:09  Overlord  
  35  3:12  Drone  
  35  3:22  Drone x4  
  39  3:29  Zergling x6  
  42  3:34  Overlord  
  42  3:39  Lair  
  42  3:40  Drone  
  43  3:43  Drone  
  43  3:44  Drone  
  43  3:47  Drone  
  46  3:50  Drone  
  46  3:51  Drone  
  46  3:53  Overlord  
  48  3:57  Extractor  
  48  3:58  Drone x2  
  48  3:59  Extractor  
  48  4:00  Drone  
  49  4:05  Drone x3  
  49  4:09  Spore Crawler  
  50  4:11  Spore Crawler  
  50  4:15  Spore Crawler  
  50  4:16  Zergling x4  
  50  4:18  Zergling x2  
  51  4:24  Drone x2  
  51  4:26  Drone  
  51  4:27  Drone, Extractor  
  51  4:28  Drone x2  
  56  4:33  Zergling x6  
  56  4:37  Overlord  
  59  4:38  Overseer  
  59  4:42  Hydralisk Den  
  59  4:44  Drone x2  
  60  4:52  Drone  
  61  4:53  Drone x4  
  61  4:56  Drone  
  61  4:57  Drone  
  61  4:59  Overlord  
  66  5:02  Overlord  
  66  5:05  Overlord  
  65  5:09  Overlord  
  65  5:13  Overlord x2  
  65  5:23  Drone x7  
  65  5:27  Muscular Augments  
  69  5:35  Overlord x2  
  69  5:36  Overlord  
  69  5:37  Hydralisk x2  
  69  5:41  Hydralisk  
  74  5:42  Hydralisk  
  74  5:45  Hydralisk  
  74  5:47  Hydralisk  
  79  5:50  Hydralisk  
  79  5:51  Hydralisk  
  79  5:56  Hydralisk x2  
  87  5:59  Hydralisk  
  87  6:01  Hydralisk  
  90  6:04  Hydralisk  
  90  6:06  Overlord  
  90  6:08  Overlord  
  90  6:09  Hydralisk  
  94  6:12  Hydralisk  
  94  6:15  Overseer  
  96  6:19  Hydralisk x2  
  96  6:21  Overlord  
  96  6:23  Overlord  
  96  6:24  Overlord  
  100  6:26  Hydralisk  
  100  6:30  Hydralisk  
  104  6:33  Overlord x2  
  104  6:35  Hydralisk  
  104  6:37  Hydralisk  
  104  6:39  Zergling x4  
  110  6:42  Hydralisk  
  110  6:44  Zergling x4  
  110  6:46  Hydralisk  
  114  6:50  Zergling x8  
  114  6:54  Zergling x6  
  120  6:55  Zergling x2  
  120  6:56  Zergling x2  
  120  6:58  Hydralisk  
  124  7:06  Hydralisk x2  
  124  7:08  Zergling x8  
  128  7:13  Hydralisk x2  
  134  7:16  Overlord  
  134  7:19  Hydralisk  
  136  7:27  Hydralisk x2  
  136  7:28  Zergling x2  
  136  7:29  Zergling x6  
  139  7:37  Overseer  
  139  7:42  Hydralisk x2  
  139  7:44  Zergling x10  
  142  7:46  Hatchery  
  142  7:50  Hydralisk  
  143  7:53  Hydralisk  
  143  7:54  Zergling x2  
  143  7:55  Zergling x8  
Show
View Real Time Build Order
Export as new Build Order

Caliber Protoss 

Build Orders: 1 Gate Expand, Forge Fast Expand (FFE) 

Get SALT Encoding   

  12  0:00  Probe (Chrono Boost)  
  13  0:11  Probe (Chrono Boost)  
  14  0:20  Pylon  
  14  0:22  Probe (Chrono Boost)  
  15  0:38  Probe (Chrono Boost)  
  16  0:44  Gateway  
  16  0:49  Probe (Chrono Boost)  
  17  0:59  Forge, Probe (Chrono Boost)  
  18  1:10  Probe (Chrono Boost)  
  19  1:20  Probe (Chrono Boost)  
  20  1:32  Nexus  
  20  1:41  Photon Cannon  
  20  1:48  Assimilator  
  20  1:55  Cybernetics Core  
  20  1:58  Probe (Chrono Boost)  
  21  2:04  Assimilator  
  21  2:09  Probe (Chrono Boost)  
  21  2:13  Pylon  
  22  2:19  Probe (Chrono Boost)  
  23  2:30  Adept  
  23  2:32  Probe (Chrono Boost)  
  26  2:42  Warp Gate  
  27  2:44  Probe (Chrono Boost)  
  27  2:45  Probe (Chrono Boost)  
  28  2:53  Pylon  
  28  2:54  Stalker  
  28  2:55  Probe (Chrono Boost)  
  28  2:57  Probe (Chrono Boost)  
  33  3:05  Probe (Chrono Boost)  
  33  3:09  Probe (Chrono Boost)  
  35  3:21  Probe (Chrono Boost), Stargate  
  35  3:23  Probe (Chrono Boost)  
  35  3:24  Pylon  
  36  3:33  Probe x2 (Chrono Boost)  
  38  3:39  Assimilator  
  38  3:44  Mothership Core (Chrono Boost)  
  38  3:45  Probe (Chrono Boost)  
  40  3:48  Assimilator  
  40  3:49  Adept  
  42  3:57  Probe (Chrono Boost)  
  42  4:02  Gateway  
  44  4:03  Probe (Chrono Boost), Gateway  
  44  4:07  Phoenix  
  44  4:09  Probe (Chrono Boost)  
  47  4:14  Probe (Chrono Boost)  
  48  4:21  Probe (Chrono Boost)  
  49  4:24  Probe (Chrono Boost)  
  50  4:32  Phoenix  
  50  4:33  Probe (Chrono Boost)  
  50  4:34  Pylon  
  50  4:35  Probe (Chrono Boost)  
  56  4:45  Probe (Chrono Boost)  
  56  4:46  Probe (Chrono Boost)  
  56  4:56  Probe (Chrono Boost), Phoenix  
  56  4:58  Probe (Chrono Boost), Nexus  
  60  5:06  Probe (Chrono Boost), Adept x2  
  65  5:07  Sentry  
  65  5:10  Probe (Chrono Boost)  
  65  5:14  Pylon  
  68  5:17  Probe (Chrono Boost)  
  70  5:22  Probe (Chrono Boost)  
  70  5:28  Probe (Chrono Boost)  
  70  5:32  Phoenix, Adept x2  
  70  5:33  Adept  
  70  5:34  Probe (Chrono Boost)  
  77  5:40  Robotics Facility  
  77  5:41  Robotics Facility  
  77  5:44  Pylon  
  77  5:53  Pylon  
  77  5:56  Pylon  
  78  5:58  Probe (Chrono Boost)  
  78  6:01  Protoss Ground Weapons Level 1  
  78  6:02  Probe (Chrono Boost), Phoenix  
  81  6:06  Pylon  
  81  6:07  Pylon  
  81  6:13  Adept x2  
  85  6:22  Immortal  
  85  6:24  Pylon  
  85  6:26  Immortal  
  85  6:28  Pylon  
  93  6:40  Robotics Bay  
  93  6:48  Adept x3  
  99  6:56  Photon Cannon  
  99  6:59  Photon Cannon  
  99  7:01  Probe x2 (Chrono Boost)  
  101  7:05  Immortal  
  101  7:07  Immortal  
  107  7:19  Probe (Chrono Boost)  
  107  7:21  Probe x2 (Chrono Boost), Pylon  
  110  7:29  Stalker x3  
  114  7:38  Pylon  
  114  7:39  Immortal  
  114  7:45  Pylon  
  114  7:46  Photon Cannon  
  99  8:02  Adept x3  
Tags
 
Add a new tag
Caveats
  • Supply blocks, unpowered buildings, or Contaminate may cause inaccurate times.
  • Supply counts are checked every 10 seconds.